 Dungeon Crawl Stone Soup version 0.30-a0-629-gd54f4be4f7 (webtiles) character file.

Game seed: 1345364468694494836

807 IdlyInterested the Chopper (level 7, -6/50 HPs)
             Began as a Demonspawn Gladiator on Jan 12, 2023.
             Mangled by an ice beast (12 damage)
             ... on level 5 of the Dungeon.
             The game lasted 00:13:55 (4212 turns).

IdlyInterested the Chopper (Demonspawn Gladiator)   Turns: 4212, Time: 00:13:56

Health: -6/50      AC: 17    Str: 16      XL:     7   Next: 60%
Magic:  7/7        EV:  5    Int:  9 (10) God:
Gold:   248        SH:  0    Dex: 13 (14) Spells: 6/6 levels left

rFire   . . .      SeeInvis .    a - +0 war axe (freeze)
rCold   . . .      Faith    .    (no shield)
rNeg    . . .      Spirit   .    t - +0 plate armour
rPois   .          Reflect  .    k - +1 hat
rElec   .          Harm     .    b - scarf {+Inv}
rCorr   .          Rampage  .    (no gloves)
Will    .....                    (no boots) Stlth
                                 q - amulet of the acrobat
HPRegen 0.28/turn                A - ring of flight
MPRegen 0.10/turn                (no ring)

@: weakened, sanguine armoured, flying
A: hooves 1, ignite blood 1, sanguine armour 1
a: Evoke Invisibility


You were on level 5 of the Dungeon.
You visited 2 branches of the dungeon, and saw 6 of its levels.

You collected 248 gold pieces.

Inventory:

Hand Weapons
 a - a +0 war axe of freezing (weapon)
 m - a +0 rapier
 p - a +4 dagger
 y - a +0 trident
 E - a +0 morningstar
Missiles
 d - 3 throwing nets
 e - a javelin
 i - 11 stones (quivered)
 j - 3 atropa-tipped darts
 s - 4 poisoned darts
 w - 7 boomerangs
Armour
 b - a scarf of invisibility (worn)
 c - a +0 helmet
 k - a +1 hat (worn)
 t - a +0 plate armour (worn)
 v - the -1 pair of boots "Keongum" {Drain rPois Str+3}
   (You found it on level 2 of the Dungeon)

   Str:       It affects your strength (+3).
   rPois:     It protects you from poison.
   Drain:     It drains your maximum health when unequipped.
Jewellery
 q - an amulet of the acrobat (around neck)
 A - a ring of flight (left hand)
 F - an amulet of faith
Wands
 z - a wand of charming (11)
Scrolls
 h - a scroll of fear
 o - 2 scrolls of immolation
 B - a scroll of summoning
 D - a scroll of teleportation
 G - a scroll of enchant armour {unknown}
Potions
 f - a potion of flight
 g - 2 potions of haste
 l - 2 potions of invisibility
 n - 2 potions of heal wounds
 r - a potion of brilliance
 u - a potion of might
 x - a potion of attraction {unknown}
 C - a potion of curing


   Skills:
 - Level 2.0 Fighting
 + Level 7.4 Axes
 * Level 1.8 Throwing
 - Level 2.0 Armour
 - Level 2.6 Dodging
 - Level 2.0 Stealth
 - Level 2.0 Evocations


You had 6 spell levels left.
You didn't know any spells.
Your spell library contained the following spells:

 Spells                   Type           Power      Damage    Failure   Level
 Necrotise                Necr           0%         1d4       100%        1
 Vampiric Draining        Necr           0%         2d6       100%        3
 Agony                    Necr           0%         N/A       100%        5


Dungeon Overview and Level Annotations

Branches:
Dungeon (5/15)             Temple (1/1) D:4

Altars:
Ashenzari
Cheibriados
Dithmenos
Fedhas
Gozag
Hepliaklqana
Kikubaaqudgha
Makhleb
Nemelex Xobeh
Qazlal
Sif Muna
Uskayaw
Vehumet
Wu Jian
Xom
Yredelemnul

Shops:
D:1 (


Innate Abilities, Weirdness & Mutations

You have large cloven feet.
Your demonic aura sometimes causes spilled blood to erupt in flames.
When seriously injured, your blood forms armour. (AC +6)


Message History

The gnoll bouda hits you with a +0 club.
Your ice beast barely misses the gnoll.
You hit the gnoll but do no damage. Your kick misses the gnoll.
The gnoll is heavily wounded.
You hit the gnoll bouda but do no damage.
The gnoll barely misses you.
The gnoll hits you from afar with a +0 halberd.
Your ice beast barely misses the gnoll.
The gnoll bouda hits you with a +0 club.
You hit the gnoll. You freeze the gnoll. You kick the gnoll.
You kill the gnoll!
You hit the gnoll bouda. You freeze the gnoll bouda.
The gnoll hits you from afar with a +0 halberd!
* * * LOW HITPOINT WARNING * * *
Your ice beast closely misses the gnoll.
The gnoll bouda hits you with a +0 club.
* * * LOW HITPOINT WARNING * * *
The gnoll completely misses you.
The gnoll bouda gazes fiercely through you!
You feel your attacks grow feeble. The gnoll bouda barely misses you.
Your ice beast hits the gnoll.
Your ice beast freezes the gnoll!
You hit the gnoll. You freeze the gnoll.
You kill the gnoll!
You hit the gnoll bouda. You freeze the gnoll bouda.
The gnoll bouda barely misses you.
You hit the gnoll bouda. You freeze the gnoll bouda.
You kick the gnoll bouda, but do no damage.
The gnoll bouda is severely wounded.
The ice beast is no longer charmed.
The ice beast closely misses you.
The gnoll bouda hits you but does no damage.
You closely miss the gnoll bouda. You kick the gnoll bouda.
The gnoll bouda is severely wounded.
You barely miss the ice beast.
The gnoll bouda hits you with a +0 club.
* * * LOW HITPOINT WARNING * * *
The ice beast hits you.
* * * LOW HITPOINT WARNING * * *
The ice beast freezes you!
You die...

..
...#........########...
..
..#........'..........
..
#..........###########
.. #..........# ..
..#........# ..
.##.###'#### ..
##.....# ..
#......##### ..
#..g@....... ..
#...Y)...... ..
#............ ..
#............ ..
#............
.............
#.......#+### #.......#


You could see an ice beast and a gnoll bouda.

Vanquished Creatures
  A water moccasin (D:4)
  An ice beast (D:5)
  2 black bears (D:5)
  2 phantoms (D:5)
  A hound (D:4)
  An iguana (D:5)
  3 gnolls (D:5)
  10 adders
  A white imp (D:5)
  A worm (D:4)
  3 dart slugs
  2 orcs
  5 bats
  6 endoplasms
  2 giant cockroaches
  10 hobgoblins
  3 jackals (D:2)
  4 kobolds
  4 quokkas
  10 ball pythons
  3 frilled lizards (D:1)
  6 goblins
  5 rats
86 creatures vanquished.

Vanquished Creatures (others)
  An orc wizard (D:4)
  3 orcs (D:4)
4 creatures vanquished.

Grand Total: 90 creatures vanquished

Notes
Turn   | Place    | Note
-------+----------+-------------------------------------------
     0 | D:1      | IdlyInterested the Demonspawn Gladiator began the quest for
                  | the Orb.
     0 | D:1      | Reached XP level 1. HP: 16/16 MP: 1/1
   225 | D:1      | Reached skill level 3 in Axes
   256 | D:1      | Gained mutation: You have large cloven feet. [demonic
                  | ancestry]
   256 | D:1      | Reached XP level 2. HP: 20/22 MP: 2/2
   481 | D:1      | Reached skill level 1 in Armour
   520 | D:1      | Found Cysueh's Antique Weapon Boutique.
   871 | D:2      | Gained mutation: Your demonic aura sometimes causes spilled
                  | blood to erupt in flames. [demonic ancestry]
   871 | D:2      | Reached XP level 3. HP: 27/27 MP: 3/3
   904 | D:2      | Reached skill level 1 in Stealth
   978 | D:2      | Reached skill level 4 in Axes
  1071 | D:2      | Reached XP level 4. HP: 31/33 MP: 4/4
  1584 | D:2      | Identified the -1 pair of boots "Keongum" {Drain rPois
                  | Str+3}
  1739 | D:3      | Reached skill level 1 in Evocations
  2149 | D:3      | Found a faded altar of an unknown god.
  2477 | D:4      | Noticed a water moccasin
  2485 | D:4      | Killed a water moccasin
  2486 | D:4      | Reached skill level 5 in Axes
  2486 | D:4      | Reached XP level 5. HP: 34/38 MP: 5/5
  2615 | D:4      | Found a snail-covered altar of Cheibriados.
  2985 | D:4      | Found a hide-covered altar of Uskayaw.
  3007 | D:4      | Reached XP level 6. HP: 38/44 MP: 6/6
  3039 | D:4      | Found a radiant altar of Vehumet.
  3597 | D:4      | Found a staircase to the Ecumenical Temple.
  3610 | Temple   | Entered the Ecumenical Temple
  3710 | D:5      | Entered Level 5 of the Dungeon
  3981 | D:5      | Noticed an ice beast
  4003 | D:5      | Reached skill level 6 in Axes
  4008 | D:5      | Killed an ice beast
  4009 | D:5      | Gained mutation: When seriously injured, your blood forms
                  | armour. (AC +6) [demonic ancestry]
  4009 | D:5      | Reached XP level 7. HP: 37/50 MP: 7/7
  4081 | D:5      | Reached skill level 7 in Axes
  4212 | D:5      | Mangled by an ice beast

Illustrated notes

Levels and vault maps discovered:
D:1:      dpeg_arrival_three_bigger_balls, layout_rooms, serial_shops, shop
D:2:      layout_basic, grunt_ministairs_4
D:3:      layout_basic, basic_ecumenical_altar, dreamdust_wishing_well,
          minmay_misc_feat_secret_circle, minmay_misc_feat_doors, dk_vineyard_3
D:4:      layout_layer_cave, mainiacjoe_overflow_alcove_2,
          mainiacjoe_overflow_boulevard, kennysheep_little_box,
          lemuel_temple_firewalk_b
D:5:      layout_basic
Temple:   eino_wide_crystal_templ

Skill      XL: |  1  2  3  4  5  6  7 |
---------------+----------------------+-----
Axes           | 3 4 5 6 7 |  7.4
Armour         | 1 2 |  2.0
Stealth        | 1 2 |  2.0
Evocations     | 1 2 |  2.0
Fighting       | |  2.0
Throwing       | |  1.8
Dodging        | |  2.6

Action                   |  1- 3 |  4- 6 |  7- 9 || total
-------------------------+-------+-------+-------++-------
Melee: War axe           |    98 |   140 |    29 ||   267
       Kick              |    12 |    33 |    10 ||    55
       Punch             |       |     3 |     1 ||     4
Throw: Stone             |       |     9 |       ||     9
Evoke: Wand              |       |       |     1 ||     1
  Use: Scroll            |     6 |     5 |     1 ||    12
       Potion            |       |     3 |       ||     3
Armor: Scale mail        |    46 |       |       ||    46
       Plate armour      |     6 |    93 |    31 ||   130
Dodge: Dodged            |    67 |    50 |    25 ||   142

Table legend: (Time is in decaauts)
 A = Elapsed time spent in this place.
 B = Non-inter-level travel time spent in this place.
 C = Inter-level travel time spent in this place.
 D = Time resting spent in this place.
 E = Time spent auto-exploring this place.
 F = Levels seen in this place.
 G = Mean time per level.
                   A        B        C        D        E       F      G
               +--------+--------+--------+--------+--------+-----+--------+
         Total |   4268 |   3632 |    636 |    247 |   2315 |   6 |  711.3 |
       Dungeon |   4216 |   3588 |    628 |    247 |   2285 |   5 |  843.2 |
        Temple |     51 |     43 |      8 |      0 |     30 |   1 |   51.0 |
               +--------+--------+--------+--------+--------+-----+--------+

Top non-repeatable levels by time:
     D:4: 1375 daAuts
     D:2: 1009 daAuts
     D:1: 835 daAuts
     D:3: 697 daAuts
     D:5: 299 daAuts
  Temple: 51 daAuts
